 Dungeon Crawl Stone Soup version 0.30.1-4-g462c640d31 (webtiles) character file.

Game seed: 5586475303028347136

12408 Kurtz the Severer (level 11, -3/68 HPs)
             Began as a Tengu Fighter on Sept 18, 2023.
             Was a High Priest of Okawaru.
             Killed from afar by an oklob plant (15 damage)
             ... with a splash of acid
             ... on level 2 of the Lair of Beasts.
             The game lasted 00:20:04 (11487 turns).

Kurtz the Severer (Tengu Fighter)                  Turns: 11487, Time: 00:20:04

Health: -3/68      AC:  7    Str: 30    XL:     11   Next: 92%
Magic:  24/24      EV: 11    Int:  8    God:    Okawaru [*****.]
Gold:   587        SH: 10    Dex: 14    Spells: 10/10 levels left

rFire   . . .        a - +4 broad axe "Plog" {heavy, *Corrode rPois MP+9 Str+3}
rCold   + . .        c - +0 buckler
rNeg    . . .        S - +0 plate armour
rPois   +            (helmet restricted)
rElec   .            K - +1 cloak
rCorr   .            P - +0 pair of gloves
SInv    .            (boots unavailable)
Will    .....        Q - amulet of reflection Stlth
                     n - +6 ring of strength
HPRegen 0.31/turn    H - ring of protection from cold
MPRegen 0.19/turn

%: corrode self (3%), reflection
@: corroded, flying quickly and evasively, quick
A: beak, talons 3, nimble flight
a: Renounce Religion, Heroism, Finesse, Duel


You were on level 2 of the Lair of Beasts.
You worshipped Okawaru.
Okawaru was extremely pleased with you.
You visited 3 branches of the dungeon, and saw 13 of its levels.

You collected 587 gold pieces.

Inventory:

Hand Weapons
 a - the +4 broad axe "Plog" (weapon) {heavy, *Corrode rPois MP+9 Str+3}
   (Okawaru gifted it to you on level 1 of the Lair of Beasts)

   Str:       It affects your strength (+3).
   rPois:     It protects you from poison.
   MP:        It affects your magic capacity (+9).
   *Corrode:  It may corrode you when you take damage.
 p - a +3 war axe
 L - a +1 hand axe of flaming
 V - a +0 demon whip of venom
Missiles
 s - 2 atropa-tipped darts
 w - 4 javelins
 y - 20 poisoned darts (quivered)
 T - 10 boomerangs
 X - 2 throwing nets
Armour
 c - a +0 buckler (worn)
 f - a +0 ring mail of fire resistance
 K - a +1 cloak (worn)
 P - a +0 pair of gloves (worn)
 S - a +0 plate armour (worn)
Jewellery
 n - a +6 ring of strength (left hand)
 o - an amulet of magic regeneration
 r - a ring of ice
 H - a ring of protection from cold (right hand)
 M - a ring of positive energy
 Q - an amulet of reflection (around neck)
 Z - a ring of magical power
Wands
 U - a wand of roots (6)
Scrolls
 b - 2 scrolls of summoning
 d - 3 scrolls of fog {unknown}
 e - 3 scrolls of enchant weapon {unknown}
 i - 4 scrolls of fear {unknown}
 l - 4 scrolls of blinking
 q - a scroll of torment {unknown}
 t - 3 scrolls of acquirement {unknown}
 u - 6 scrolls of teleportation {unknown}
 A - a scroll of identify
 C - 2 scrolls of vulnerability {unknown}
 D - 2 scrolls of brand weapon {unknown}
 G - 2 scrolls of magic mapping {unknown}
 I - 2 scrolls of poison {unknown}
 J - 2 scrolls of noise {unknown}
 W - a scroll of immolation
Potions
 g - 4 potions of degeneration
 h - a potion of berserk rage
 j - 4 potions of lignification
 k - 4 potions of curing
 m - 2 potions of brilliance
 v - 2 potions of ambrosia
 x - 4 potions of cancellation {unknown}
 z - a potion of mutation {unknown}
 B - 4 potions of magic {unknown}
 E - 3 potions of flight {unknown}
 N - 2 potions of resistance
 O - 2 potions of invisibility
 R - a potion of heal wounds {unknown}
 Y - a potion of might


   Skills:
 * Level 8.0 Fighting
 - Level 16.0 Axes
 * Level 4.6 Armour
 * Level 5.1 Dodging
 * Level 5.4 Shields
 * Level 4.5 Invocations


You had 10 spell levels left.
You didn't know any spells.
Your spell library contained the following spells:

 Spells                   Type           Power      Damage    Failure   Level
 Necrotise                Necr           0%         1d4       99%         1
 Poisonous Vapours        Pois/Air       0%         N/A       100%        2
 Sublimation of Blood     Necr           0%         N/A       100%        2
 Mephitic Cloud           Conj/Pois/Air  0%         N/A       100%        3
 Portal Projectile        Hex/Tloc       0%         N/A       100%        3
 Vampiric Draining        Necr           0%         2d6       100%        3
 Petrify                  Tmut/Erth      0%         N/A       100%        4
 Sticky Flame             Conj/Fire      0%         2d3       100%        4
 Agony                    Necr           0%         N/A       100%        5
 Blade Hands              Tmut           0%         N/A       100%        5
 Freezing Cloud           Conj/Ice/Air   0%         6-21      100%        5
 Irradiate                Conj/Tmut      0%         3d11      100%        5
 Tukima's Dance           Hex            Unusable   N/A       N/A         3
 Animate Dead             Necr           Unusable   N/A       N/A         4
 Simulacrum               Ice/Necr       Unusable   N/A       N/A         6

Dungeon Overview and Level Annotations

Branches:
Dungeon (10/15)            Temple (1/1) D:4            Lair (2/5) D:9
    Orc (0/2) D:10
  Swamp: Lair:2-3    Shoals: Lair:2-3     Snake: Lair:2-3    Spider: Lair:2-3

Altars:
Ashenzari
Cheibriados
Dithmenos
Elyvilon
Fedhas
Gozag
Hepliaklqana
Kikubaaqudgha
Makhleb
Nemelex Xobeh
Okawaru
Qazlal
Ru
Sif Muna
Trog
Uskayaw
Vehumet
Wu Jian
Xom
Yredelemnul
Zin
The Shining One

Shops:
D:6 *   D:10 :

Annotations:
D:7 exclusion: downstairs
D:10 1 runed translucent door
Lair:1 3 runed translucent doors, Wezo's ghost, journeyman GnDe
Lair:2 exclusion: oklob plant


Innate Abilities, Weirdness & Mutations

You have a beak for a mouth.
You have claws for feet.
Your magical nature lets you fly swiftly and evasively.


Message History

You carve the rime drake like a ham!!!
You kill the rime drake!
Okawaru accepts your kill.
Your Fighting skill increases to level 8!
No target in view!
No target in view!
N - 2 potions of resistance (gained 1)
j - 4 potions of lignification (gained 2)
A water moccasin comes into view.
A water moccasin is nearby!
You barely miss the water moccasin. The water moccasin barely misses you.
You chop the water moccasin into pieces!!!
You kill the water moccasin!
Okawaru accepts your kill.
No target in view!
An oklob plant comes into view.
Found 18 gold pieces.
Marking area around an oklob plant as unsafe for travelling.
A water moccasin comes into view.
The water moccasin hisses angrily.
You see here 18 gold pieces.
You slash the oklob plant! You claw the oklob plant.
The oklob plant is moderately damaged.
You hit the oklob plant but do no damage.
The oklob plant is moderately damaged.
You slice the oklob plant!! You claw the oklob plant!
The oklob plant is severely damaged.
The oklob plant spits acid at you. The splash of acid hits you!
The acid corrodes you!
You hit the oklob plant. You claw the oklob plant!
The oklob plant is almost destroyed.
You hit the water moccasin. You block the water moccasin's attack.
The oklob plant spits acid at you. The splash of acid hits you!!!
Ouch! That really hurt!
* * * LOW HITPOINT WARNING * * *
The acid corrodes you! You block the water moccasin's attack.
The oklob plant spits acid at you. The splash of acid hits you!
You die...

............#
.#..P#.......#
...P......#..#
..........P..#
##.#......P..#
......P..##..#
......P......#
......S@.....#
.............#
####P.#..#...#
##..###...##
#... #....#
##.. #...##
###P.# ##...#
..... ##...#
.....## #....#


You could see an oklob plant and a water moccasin.

Vanquished Creatures
  A two-headed ogre (D:10)
  Amaemon (D:8)
  An ugly thing (D:10)
  4 elephants (Lair:1)
  Joseph (D:7)
  A black mamba (Lair:2)
  An orange demon (D:8)
  A rime drake (Lair:2)
  Psyche (D:8)
  3 cane toads
  2 komodo dragons
  Prince Ribbit (D:7)
  A hornet (D:9)
  6 blink frogs (Lair:1)
  4 yaks (Lair:1)
  2 shadows (D:10)
  A wraith (D:10)
  Grum (D:9)
  Duvessa (D:7)
  6 water moccasins
  2 sky beasts (D:7)
  3 orc warriors
  An ice beast (D:6)
  2 ogres
  2 wolves (D:8)
  3 centaurs
  3 phantoms
  3 bullfrogs
  A gnoll sergeant (D:10)
  2 scorpions (D:5)
  7 wights (D:8)
  Dowan (D:7)
  4 killer bees (D:8)
  A howler monkey (D:9)
  A jelly (D:6)
  A gnoll bouda (D:4)
  2 hounds
  4 orc priests
  2 sleepcaps
  4 iguanas
  10 orc wizards
  7 gnolls
  6 adders
  A white imp (D:7)
  2 ufetubi
  7 worms
  A dart slug (D:1)
  46 orcs
  8 ball pythons
  2 bats
  9 endoplasms
  3 giant cockroaches
  6 goblins
  7 hobgoblins
  4 quokkas
  5 frilled lizards
  5 kobolds
  A rat (D:3)
219 creatures vanquished.

Notes
Turn   | Place    | Note
-------+----------+-------------------------------------------
     0 | D:1      | Kurtz the Tengu Fighter began the quest for the Orb.
     0 | D:1      | Reached XP level 1. HP: 14/14 MP: 2/2
   173 | D:1      | Reached skill level 3 in Axes
   173 | D:1      | Reached XP level 2. HP: 19/19 MP: 3/3
   694 | D:2      | Reached XP level 3. HP: 19/23 MP: 4/4
   879 | D:2      | Found a faded altar of an unknown god.
   903 | D:2      | Reached skill level 4 in Axes
  1138 | D:2      | Got Tous's Lessons on the Blistering Dead
  1256 | D:3      | Found a stormy altar of Qazlal.
  1439 | D:3      | Reached XP level 4. HP: 23/28 MP: 5/5
  1450 | D:3      | Reached skill level 5 in Axes
  1816 | D:4      | Noticed an ogre
  1963 | D:4      | Killed an ogre
  1964 | D:4      | Reached skill level 6 in Axes
  1964 | D:4      | Gained mutation: Your magical nature lets you fly swiftly
                  | and evasively. [Tengu growth]
  1964 | D:4      | Reached XP level 5. HP: 15/32 MP: 2/6
  2212 | D:4      | Reached XP level 6. HP: 31/37 MP: 2/7
  2259 | D:4      | Found a staircase to the Ecumenical Temple.
  2273 | Temple   | Entered the Ecumenical Temple
  2281 | Temple   | Became a worshipper of Warmaster Okawaru
  2348 | D:4      | Reached skill level 7 in Axes
  2457 | D:4      | Reached XP level 7. HP: 27/41 MP: 4/8
  2996 | D:5      | Entered Level 5 of the Dungeon
  3011 | D:5      | Reached * piety under Okawaru
  3021 | D:5      | Found a burning altar of Makhleb.
  3101 | D:5      | Reached skill level 8 in Axes
  3101 | D:5      | Reached skill level 1 in Invocations
  3928 | D:6      | Reached skill level 9 in Axes
  3928 | D:6      | Reached XP level 8. HP: 48/48 MP: 10/10
  4062 | D:6      | Reached ** piety under Okawaru
  4253 | D:6      | Found Ruimuno's Lightly-Used Armoury.
  4296 | D:6      | Reached skill level 5 in Fighting
  4440 | D:6      | Reached skill level 10 in Axes
  5334 | D:7      | Noticed Dowan
  5335 | D:7      | Noticed Duvessa
  5489 | D:8      | Reached XP level 9. HP: 55/55 MP: 11/11
  5500 | D:8      | Noticed Psyche
  5559 | D:7      | Noticed Prince Ribbit
  5562 | D:7      | Noticed Joseph
  5593 | D:8      | Killed Psyche
  5594 | D:8      | Reached skill level 11 in Axes
  5649 | D:8      | Reached *** piety under Okawaru
  6309 | D:7      | Reached skill level 12 in Axes
  6309 | D:7      | Reached skill level 1 in Dodging
  6384 | D:7      | Killed Duvessa
  6504 | D:7      | Killed Dowan
  6515 | D:7      | Killed Prince Ribbit
  6884 | D:7      | Killed Joseph
  6884 | D:7      | Reached **** piety under Okawaru
  6885 | D:7      | Reached skill level 13 in Axes
  6885 | D:7      | Reached XP level 10. HP: 33/61 MP: 10/13
  7079 | D:8      | Noticed Amaemon
  7079 | D:8      | Noticed an orange demon
  7106 | D:8      | Killed Amaemon
  7226 | D:8      | Killed an orange demon
  7265 | D:8      | Reached skill level 14 in Axes
  7442 | D:9      | Noticed Grum
  7512 | D:9      | Killed Grum
  8123 | D:9      | Found a staircase to the Lair.
  8236 | D:9      | Found a sacrificial altar of Ru.
  8499 | D:9      | Identified the +2 ring mail of Supple Strength {Will+}
  8623 | D:10     | Entered Level 10 of the Dungeon
  8937 | D:10     | Found a broken altar of Ashenzari.
  8949 | D:10     | Found Inuggou's Book Shoppe.
  9157 | D:10     | Found a runed translucent door.
  9158 | D:10     | Noticed a brown ugly thing
  9180 | D:10     | Killed a brown ugly thing
  9181 | D:10     | Reached skill level 15 in Axes
  9286 | D:10     | Found a staircase to the Orcish Mines.
  9305 | D:10     | Noticed a two-headed ogre
  9377 | D:10     | Killed a two-headed ogre
  9377 | D:10     | Reached ***** piety under Okawaru
  9378 | D:10     | Reached XP level 11. HP: 20/66 MP: 14/14
 10028 | Lair:1   | Entered Level 1 of the Lair of Beasts
 10386 | Lair:1   | Identified the +4 broad axe "Plog" {heavy, *Corrode rPois
                  | MP+9 Str+3} (Okawaru gifted it to you on level 1 of the
                  | Lair of Beasts)
 10386 | Lair:1   | Received a gift from Okawaru
 10608 | Lair:1   | Reached skill level 5 in Shields
 10681 | Lair:1   | Noticed Wezo's ghost (journeyman GnDe)
 10684 | Lair:1   | Noticed a minotaur
 10696 | Lair:1   | Found a runed translucent gate.
 10696 | Lair:1   | Found a runed translucent gate.
 10696 | Lair:1   | Found a runed translucent gate.
 10863 | Lair:1   | Reached skill level 16 in Axes
 11342 | Lair:2   | Reached skill level 5 in Dodging
 11480 | Lair:2   | Noticed an oklob plant
 11487 | Lair:2   | Killed from afar by an oklob plant

Illustrated notes

Levels and vault maps discovered:
D:1:      nzn_arrival_settlement, layout_loops_ring, serial_bayou_lagoon_a,
          grunt_decor_junction
D:2:      layout_rooms, chequers_ecumenical_altar_twisty,
          minmay_fractal_squares_5
D:3:      layout_rooms, lemuel_coloured_pillars_altar
D:4:      layout_basic, minmay_temple_entry_mini_moons
D:5:      layout_rooms, mainiacjoe_overflow_cross_hatched, nicolae_wormholes
D:6:      layout_basic, nicolae_zen_rock_garden, minmay_shop_damaged,
          roderic_roman_lattice
D:7:      layout_loops_ring, minmay_misc_feat_alley, uniq_prince_ribbit1,
          uniq_duvessa, uniq_joseph
D:8:      layout_basic, uniq_psyche, uniq_amaemon
D:9:      layout_roguey, mainiacjoe_overflow_brackets,
          kennysheep_generic_room_6, uniq_grum
D:10:     layout_irregular_city, mainiacjoe_overflow_small_starburst,
          david_orc_2, serial_shops, shop_statue, minivault_13
Temple:   nicolae_temple_no_exploring_needed
Lair:1:   layout_small_grid, maelrawn_ghost_gauntlet_escape
Lair:2:   layout_chaotic_city, swamp_mist, uniq_urug

Skill      XL: |  1  2  3  4  5  6  7  8  9 10 11 |
---------------+----------------------------------+-----
Axes           | 3 4 6 7 9 10 13 15 16 | 16.0
Invocations    | 1 2 3 4 |  4.5
Fighting       | 4 5 6 8 |  8.0
Dodging        | 2 4 5 |  5.1
Shields        | 5 |  5.4
Armour         | 4 |  4.6

Action                     |  1- 3 |  4- 6 |  7- 9 | 10-12 || total
---------------------------+-------+-------+-------+-------++-------
  Melee: War axe           |    74 |    24 |       |   154 ||   252
         Peck              |     7 |    11 |    44 |    36 ||    98
         Kick              |    15 |    26 |    66 |    58 ||   165
         Flail             |       |    69 |       |       ||    69
         Hand axe          |       |     2 |   239 |     5 ||   246
         Broad axe         |       |       |       |    52 ||    52
  Throw: Dart              |       |     2 |     2 |    12 ||    16
         Javelin           |       |     2 |    10 |     5 ||    17
 Invoke: Heroism           |       |       |     1 |     3 ||     4
  Evoke: Wand              |       |       |       |     5 ||     5
    Use: Potion            |       |       |     2 |       ||     2
         Scroll            |       |       |       |    10 ||    10
 Armour: Scale mail        |    33 |    29 |    18 |       ||    80
         Ring mail         |       |       |    26 |       ||    26
         Chain mail        |       |       |    19 |    32 ||    51
         Plate armour      |       |       |       |    22 ||    22
  Dodge: Dodged            |    30 |    63 |    69 |    70 ||   232
  Block: Buckler           |    23 |    27 |    58 |    89 ||   197
         Reflection        |       |       |     3 |     4 ||     7
